Rangers vs Stars

Created - February 14, 2022 at 19:02

Goals
1 2 3 T
Rangers 1 4 1 6
Stars 3 2 3 8
Shots
1 2 3 T
Rangers 11 17 11 39
Stars 5 14 13 32

1st period

1. Rangers , Magnus Paajarvi 5 (Richard Panik 5, Artem Anisimov 5) at 4:25
2. Stars , Evgeny Grachev 6 (Guillaume Latendresse 13, Michael Grabner 17) at 4:38
3. Stars , Evgeny Grachev 7 (Jussi Jokinen 12) at 7:48 (PP)
4. Stars , John Tavares 16 (Jussi Jokinen 13) at 16:53

Penalties :
Brett Ponich (NyR) for Holding Stick (Minor) at 6:36, Scott Kosmachuck (Dal) for Hooking (Minor) at 11:35

2nd period

5. Rangers , Chris Bourque 7 (Patrice Bergeron 15, Luke Schenn 19) at 6:04
6. Stars , Alex Chiasson 10 (John Tavares 26) at 6:39
7. Rangers , Dmitry Kulikov 4 (Patrice Bergeron 16, Sean Couturier 28) at 11:16 (PP)
8. Rangers , T.J Galiardi 2 (Devante Smith-Pelly 11, Tomas Hertl 4) at 12:52
9. Rangers , Sean Couturier 17 (Milan Lucic 25, Steve Quailer 7) at 18:56 (PP)
10. Stars , Scott Kosmachuck 2 (Cory Emmerton 6, Evgeny Kuznetsov 9) at 19:53

Penalties :
Jussi Jokinen (Dal) for Hooking (Minor) at 2:08, Boris Valabik (Dal) for Hooking (Minor) at 9:59, Andrej Sustr (Dal) for Hooking (Minor) at 18:42

3rd period

11. Stars , Evgeny Grachev 8 (Jussi Jokinen 14, Alex Chiasson 5) at 3:42 (PP)
12. Rangers , Dmitry Kulikov 5 (Luke Schenn 20, Milan Lucic 26) at 7:32 (PP)
13. Stars , Cory Emmerton 5 (Cam Atkinson 8) at 11:05
14. Stars , John Tavares 17 (Cam Atkinson 9, Boris Valabik 6) at 19:22 (Empty Net)

Penalties :
Magnus Paajarvi (NyR) for Tripping (Minor) at 3:08, Dmitry Kulikov (NyR) for High sticking (Minor) at 5:18, Michael Grabner (Dal) for Interference (Minor) at 7:25, Magnus Paajarvi (NyR) for Hooking (Minor) at 8:56, Devante Smith-Pelly (NyR) for Elbowing (Minor) at 16:11

Goalie Stats

Frederik Andersen (NyR), 4 saves from 8 shots - (0.500), 26:39 minutes
Harru Sateri (NyR), 20 saves from 23 shots - (0.870), L, 2-3-1, 32:47 minutes
Braden Holtby (Dal), 33 saves from 39 shots - (0.846), W, 3-3-0, 60:00 minutes

Players Stats for Rangers

Player Name              G  A  P  +/- PIM S  H  SB GA TA FO     MP     PP MP  PK MP  
------------------------------------------------------------------------------------
Artem Anisimov           0  1  1   1  0   1  1  0  0  0  3/3     6:25   0:00   0:00 
Brett Ponich             0  0  0   0  2   1  1  0  0  0  0/0    10:03   0:00   0:00 
Chris Bourque            1  0  1  -1  0   5  2  0  1  0  1/1    17:04   2:53   1:08 
Devante Smith-Pelly      0  1  1   0  2   2  1  1  1  0  0/0    10:39   0:11   0:00 
Dmitry Kulikov           2  0  2  -1  2   2  1  4  0  1  0/0    28:17   4:00   3:07 
Jonas Brodin             0  0  0   0  0   0  0  1  0  0  0/0    11:25   0:00   1:21 
Luke Schenn              0  2  2  -1  0   5  1  0  0  2  0/0    29:31   4:00   4:28 
Magnus Paajarvi          1  0  1   0  4   3  0  0  0  0  0/0     6:33   0:00   0:00 
Matt Delahey             0  0  0  -2  0   1  0  0  0  1  0/0    20:25   1:36   3:15 
Milan Lucic              0  2  2  -3  0   2  1  2  0  0  6/13   24:32   2:32   4:52 
Patrice Bergeron         0  2  2  -1  0   1  0  0  0  0  6/13   17:31   2:53   1:43 
Patrik Nemeth            0  0  0  -2  0   0  2  0  0  3  0/0    20:25   1:36   3:15 
Richard Panik            0  1  1   1  0   1  1  0  0  0  0/0     7:58   0:11   1:08 
Ryan Strome              0  0  0  -1  0   2  4  0  0  0  1/1    15:48   2:53   0:00 
Sean Couturier           1  1  2  -3  0   5  1  1  0  2  10/26  24:32   2:32   4:52 
Steve Quailer            0  1  1  -2  0   5  0  1  0  0  0/3    19:06   2:32   0:00 
T.J Galiardi             1  0  1   0  0   3  0  0  0  0  0/0    10:16   0:11   0:00 
Tomas Hertl              0  1  1   0  0   0  1  0  0  0  2/6    11:42   0:00   1:43 

Players Stats for Stars

Player Name              G  A  P  +/- PIM S  H  SB GA TA FO     MP     PP MP  PK MP  
------------------------------------------------------------------------------------
Alex Chiasson            1  1  2   1  0   1  2  0  0  0  0/0    16:57   2:52   0:00 
Andrej Sustr             0  0  0   0  2   2  0  3  1  0  0/0    20:13   2:45   2:06 
Andrew Ladd              0  0  0   0  0   0  4  1  1  0  1/1    11:47   0:31   0:40 
Boris Valabik            0  1  1   0  2   1  0  0  0  0  0/0    19:35   2:45   1:28 
Brian Lee                0  0  0   3  0   3  0  2  1  1  0/0    29:57   4:58   3:20 
Cam Atkinson             0  2  2   1  0   1  1  0  0  0  0/0    10:39   0:00   0:00 
Cory Emmerton            1  1  2   1  0   2  0  0  0  0  2/4     8:11   0:00   1:14 
Evgeny Grachev           3  0  3   0  0   5  2  1  1  0  12/26  18:04   2:52   0:00 
Evgeny Kuznetsov         0  1  1   0  0   0  1  0  0  0  5/8     9:43   0:00   0:00 
Guillaume Latendresse    0  1  1   1  0   0  1  0  0  0  1/1    24:20   4:51   3:26 
Ian White                0  0  0   3  0   3  1  4  1  0  0/0    29:57   4:58   3:20 
Jeremy Morin             0  0  0   1  0   0  0  0  0  0  0/0     6:33   0:00   0:00 
John Tavares             2  1  3   2  0   7  4  1  2  0  12/20  22:59   4:51   3:13 
Jussi Jokinen            0  3  3   1  2   1  1  0  1  0  1/2    17:53   2:52   1:00 
Michael Grabner          0  1  1   0  2   4  0  1  1  0  3/4    20:43   4:20   1:39 
Paul Ladue               0  0  0   0  0   0  0  1  0  0  0/0    10:27   0:00   0:48 
Scott Kosmachuck         1  0  1   1  2   2  0  0  0  0  0/0     6:32   0:00   0:00 
Tyson Barrie             0  0  0   0  0   0  1  0  0  1  0/0     9:49   0:00   0:10 

3 Stars

1 - John Tavares (Dal)
2 - Evgeny Grachev (Dal)
3 - Alex Chiasson (Dal)

Power Play

Rangers - 3 on 5 Attempt(s) - 60.00%
Stars - 2 on 5 Attempt(s) - 40.00%

Penalty Kill

Rangers - 3 on 5 Attempt(s) - 60.00% - Score 0 goal in Penalty Kill
Stars - 2 on 5 Attempt(s) - 40.00% - Score 0 goal in Penalty Kill

Team Stat

Rangers - Hits : 17 - Faceoff Wins : 29 - Blocked Shots : 10 - Penalty Minutes : 10
Stars - Hits : 18 - Faceoff Wins : 37 - Blocked Shots : 14 - Penalty Minutes : 10

Official

Referees : Dan Kelly and Tom Chmielewski
Linesman : Derek Nansen and Jesse Marquis

Game Notes

Harru Sateri enters game at 6:39 of 2nd period
Evgeny Grachev has scored a Hat Trick!
Michael Grabner is injured at 17:39 of 3rd period (Bruised Right Leg)
John Tavares has scored in a empty net!

Finance

Level 1 -- Attendance: 5915 (98.58%) -- Ticket Income $591,500
Level 2 -- Attendance: 5000 (100.00%) -- Ticket Income $300,000
Level 3 -- Attendance: 1984 (99.20%) -- Ticket Income $69,440
Level 4 -- Attendance: 3710 (92.75%) -- Ticket Income $92,750
Luxury Box -- Attendance: 980 (98.00%) -- Ticket Income $196,000
Game was played at the American Airlines Center.
Total Attendance: 17589 (97.72%)
Total Ticket Income: $1,249,690
Other Income: $187,454
Total Income: $1,437,144

Rangers

5 vs 5 Forward 
   Center                   Left Wing                Right Wing               Time % Phy DF OF 
 1 Sean Couturier           Milan Lucic              Steve Quailer            40     1   2  2  
 2 Patrice Bergeron         Chris Bourque            Ryan Strome              30     1   2  2  
 3 Tomas Hertl              T.J Galiardi             Devante Smith-Pelly      20     1   2  2  
 4 Artem Anisimov           Magnus Paajarvi          Richard Panik            10     1   2  2  

5 vs 5 Defense 
   Defense                  Defense                                           Time % Phy DF OF 
 1 Luke Schenn              Dmitry Kulikov                                    40     1   2  2  
 2 Patrik Nemeth            Matt Delahey                                      30     1   2  2  
 3 Brett Ponich             Jonas Brodin                                      20     1   2  2  
 4 Luke Schenn              Dmitry Kulikov                                    10     1   2  2  

PowerPlay Forward 
   Center                   Left Wing                Right Wing               Time % Phy DF OF 
 1 Sean Couturier           Milan Lucic              Steve Quailer            60     1   2  2  
 2 Patrice Bergeron         Chris Bourque            Ryan Strome              40     1   2  2  

PowerPlay Defense
   Defense                  Defense                                           Time % Phy DF OF 
 1 Luke Schenn              Dmitry Kulikov                                    60     1   2  2  
 2 Patrik Nemeth            Matt Delahey                                      40     1   2  2  

Penalty Kill 4 Players Forward 
   Center                   Wing                     Time % Phy DF OF 
 1 Milan Lucic              Sean Couturier           60     1   2  2  
 2 Patrice Bergeron         Tomas Hertl              40     1   2  2  

Penalty Kill 4 Players Defense
   Defense                  Defense                  Time % Phy DF OF 
 1 Luke Schenn              Dmitry Kulikov           60     1   2  2  
 2 Patrik Nemeth            Matt Delahey             40     1   2  2  

Penalty Kill - 3 Players Forward 
   Forward                                           Time % Phy DF OF 
 1 Milan Lucic                                       60     1   2  2  
 2 Sean Couturier                                    40     1   2  2  

Penalty Kill - 3 Players Defense
   Defense                  Defense                  Time % Phy DF OF 
 1 Luke Schenn              Dmitry Kulikov           60     1   2  2  
 2 Patrik Nemeth            Matt Delahey             40     1   2  2  

4 vs 4 Forward 
   Center                   Wing                     Time % Phy DF OF 
 1 Milan Lucic              Sean Couturier           60     1   2  2  
 2 Patrice Bergeron         Tomas Hertl              40     1   2  2  

4 vs 4 Defense
   Defense                  Defense                  Time % Phy DF OF 
 1 Luke Schenn              Dmitry Kulikov           60     1   2  2  
 2 Patrik Nemeth            Matt Delahey             40     1   2  2  

Last Minutes Offensive
   Center                   Left Wing                Right Wing               Defense                  Defense                  
   Sean Couturier           Milan Lucic              Steve Quailer            Luke Schenn              Dmitry Kulikov           

Last Minutes Defensive
   Center                   Left Wing                Right Wing               Defense                  Defense                  
   Sean Couturier           Milan Lucic              Steve Quailer            Luke Schenn              Dmitry Kulikov           

Goaltenders
Starting : Frederik Andersen        
Backup : Harru Sateri             

Extra Forwards
Normal : Devante Smith-Pelly, T.J Galiardi, Richard Panik - PP : Devante Smith-Pelly, T.J Galiardi - PK : Richard Panik
Extra Defensemen
Normal : Brett Ponich, Jonas Brodin, Patrik Nemeth - PP : Brett Ponich - PK : Jonas Brodin, Patrik Nemeth
Penalty Shots
Milan Lucic, Sean Couturier, Patrice Bergeron, Tomas Hertl, Steve Quailer

Scratches
Morgan Ellis (Healthy)

Stars

5 vs 5 Forward 
   Center                   Left Wing                Right Wing               Time % Phy DF OF 
 1 Evgeny Grachev           Guillaume Latendresse    Michael Grabner          40     1   2  2  
 2 John Tavares             Jussi Jokinen            Alex Chiasson            30     1   2  2  
 3 Evgeny Kuznetsov         Andrew Ladd              Cam Atkinson             20     1   2  2  
 4 Cory Emmerton            Jeremy Morin             Scott Kosmachuck         10     1   2  2  

5 vs 5 Defense 
   Defense                  Defense                                           Time % Phy DF OF 
 1 Ian White                Brian Lee                                         40     1   2  2  
 2 Boris Valabik            Andrej Sustr                                      30     1   2  2  
 3 Tyson Barrie             Paul Ladue                                        20     1   2  2  
 4 Ian White                Brian Lee                                         10     1   2  2  

PowerPlay Forward 
   Center                   Left Wing                Right Wing               Time % Phy DF OF 
 1 John Tavares             Guillaume Latendresse    Michael Grabner          60     0   2  3  
 2 Evgeny Grachev           Jussi Jokinen            Alex Chiasson            40     0   2  3  

PowerPlay Defense
   Defense                  Defense                                           Time % Phy DF OF 
 1 Ian White                Brian Lee                                         60     0   2  3  
 2 Boris Valabik            Andrej Sustr                                      40     0   2  3  

Penalty Kill 4 Players Forward 
   Center                   Wing                     Time % Phy DF OF 
 1 John Tavares             Guillaume Latendresse    60     0   3  2  
 2 Michael Grabner          Jussi Jokinen            40     0   3  2  

Penalty Kill 4 Players Defense
   Defense                  Defense                  Time % Phy DF OF 
 1 Ian White                Brian Lee                60     0   3  2  
 2 Boris Valabik            Andrej Sustr             40     0   3  2  

Penalty Kill - 3 Players Forward 
   Forward                                           Time % Phy DF OF 
 1 John Tavares                                      60     0   3  2  
 2 Guillaume Latendresse                             40     0   3  2  

Penalty Kill - 3 Players Defense
   Defense                  Defense                  Time % Phy DF OF 
 1 Ian White                Brian Lee                60     0   3  2  
 2 Boris Valabik            Andrej Sustr             40     0   3  2  

4 vs 4 Forward 
   Center                   Wing                     Time % Phy DF OF 
 1 John Tavares             Guillaume Latendresse    60     0   2  3  
 2 Michael Grabner          Jussi Jokinen            40     0   2  3  

4 vs 4 Defense
   Defense                  Defense                  Time % Phy DF OF 
 1 Ian White                Brian Lee                60     1   2  2  
 2 Boris Valabik            Andrej Sustr             40     1   2  2  

Last Minutes Offensive
   Center                   Left Wing                Right Wing               Defense                  Defense                  
   John Tavares             Guillaume Latendresse    Michael Grabner          Ian White                Brian Lee                

Last Minutes Defensive
   Center                   Left Wing                Right Wing               Defense                  Defense                  
   John Tavares             Guillaume Latendresse    Michael Grabner          Ian White                Brian Lee                

Goaltenders
Starting : Braden Holtby            
Backup : Matt Murray              

Extra Forwards
Normal : Andrew Ladd, Cam Atkinson, Cory Emmerton - PP : Andrew Ladd, Cam Atkinson - PK : Cory Emmerton
Extra Defensemen
Normal : Tyson Barrie, Paul Ladue, Boris Valabik - PP : Tyson Barrie - PK : Paul Ladue, Boris Valabik
Penalty Shots
John Tavares, Guillaume Latendresse, Michael Grabner, Jussi Jokinen, Alex Chiasson

Scratches
Tyler Brenner (Healthy)

% Time on Ice - Rangers

Lines # - Real PCT - Wanted PCT - Time Play
Normal Forward
1 - 37% - 40% - 16:53
2 - 28% - 30% - 12:55
3 - 22% - 20% - 9:59
4 - 14% - 10% - 6:25
Normal Defense
1 - 40% - 40% - 18:39
2 - 33% - 30% - 15:26
3 - 22% - 20% - 10:04
4 - 4% - 10% - 2:03
PP Forward
1 - 49% - 60% - 2:43
2 - 51% - 40% - 2:53
PP Defense
1 - 71% - 60% - 4:00
2 - 29% - 40% - 1:36
PK Forward
1 - 78% - 60% - 6:00
2 - 22% - 40% - 1:43
PK Defense
1 - 58% - 60% - 4:28
2 - 42% - 40% - 3:15
PK3 Forward
1 - 0% - 60%
2 - 0% - 40%
PK3 Defense
1 - 0% - 60%
2 - 0% - 40%
44 Forward
1 - 0% - 60%
2 - 0% - 40%
44 Defense
1 - 0% - 60%
2 - 0% - 40%
Last Minute Offensive  - 0:29
Last Minute Defensive  - 0:00
Total
Forward - 60:00
Defense - 60:00

% Time on Ice - Stars

Lines # - Real PCT - Wanted PCT - Time Play
Normal Forward
1 - 34% - 40% - 15:52
2 - 30% - 30% - 13:56
3 - 21% - 20% - 9:43
4 - 14% - 10% - 6:33
Normal Defense
1 - 42% - 40% - 19:29
2 - 32% - 30% - 14:46
3 - 21% - 20% - 9:33
4 - 5% - 10% - 2:16
PP Forward
1 - 63% - 60% - 4:51
2 - 37% - 40% - 2:52
PP Defense
1 - 64% - 60% - 4:58
2 - 36% - 40% - 2:45
PK Forward
1 - 71% - 60% - 3:57
2 - 29% - 40% - 1:39
PK Defense
1 - 63% - 60% - 3:30
2 - 38% - 40% - 2:06
PK3 Forward
1 - 0% - 60%
2 - 0% - 40%
PK3 Defense
1 - 0% - 60%
2 - 0% - 40%
44 Forward
1 - 0% - 60%
2 - 0% - 40%
44 Defense
1 - 0% - 60%
2 - 0% - 40%
Last Minute Offensive  - 0:00
Last Minute Defensive  - 0:37
Total
Forward - 60:00
Defense - 60:00

Play-by-Play

1st period


0:01 of 1st period - Milan Lucic wins face-off versus Evgeny Grachev in neutral zone.
0:08 of 1st period - Wrist shot by Milan Lucic.
0:08 of 1st period - Stopped by Braden Holtby without a rebound.
0:09 of 1st period - Sean Couturier wins face-off versus Evgeny Grachev in Stars zone.
0:12 of 1st period - Snap shot by Milan Lucic.
0:12 of 1st period - Shot Misses the Net.
0:14 of 1st period - Snap shot by Sean Couturier.
0:14 of 1st period - Shot Blocked by Evgeny Grachev.
0:58 of 1st period - Wrist shot by Guillaume Latendresse.
0:58 of 1st period - Shot Misses the Net.
1:03 of 1st period - Off-side.
1:04 of 1st period - Ryan Strome wins face-off versus Jussi Jokinen in neutral zone.
1:09 of 1st period - Snap shot by Ryan Strome.
1:09 of 1st period - Stopped by Braden Holtby without a rebound.
1:10 of 1st period - John Tavares wins face-off versus Patrice Bergeron in Stars zone.
1:19 of 1st period - Snap shot by Patrice Bergeron.
1:19 of 1st period - Stopped by Braden Holtby with a rebound.
1:25 of 1st period - Slapshot by Patrice Bergeron.
1:25 of 1st period - Shot Misses the Net.
2:19 of 1st period - Snap shot by Evgeny Kuznetsov.
2:19 of 1st period - Shot Misses the Net.
2:35 of 1st period - Cory Emmerton is hit by Brett Ponich and loses puck.
2:44 of 1st period - Snap shot by Sean Couturier.
2:44 of 1st period - Stopped by Braden Holtby without a rebound.
2:45 of 1st period - Evgeny Kuznetsov wins face-off versus Tomas Hertl in Stars zone.
2:56 of 1st period - Devante Smith-Pelly is hit by Andrew Ladd and loses puck.
3:36 of 1st period - Slapshot by Luke Schenn.
3:36 of 1st period - Stopped by Braden Holtby with a rebound.
3:55 of 1st period - Slapshot by Brian Lee.
3:55 of 1st period - Stopped by Frederik Andersen without a rebound.
3:56 of 1st period - Artem Anisimov wins face-off versus Evgeny Grachev in Rangers zone.
4:25 of 1st period - Snap shot by Magnus Paajarvi.
4:25 of 1st period - Goal by Magnus Paajarvi - Rangers : 1 - Stars : 0.
4:26 of 1st period - Patrice Bergeron wins face-off versus Evgeny Grachev in neutral zone.
4:34 of 1st period - Wrist shot by Evgeny Grachev.
4:34 of 1st period - Shot Blocked by Dmitry Kulikov.
4:36 of 1st period - Slapshot by Guillaume Latendresse.
4:36 of 1st period - Shot Misses the Net.
4:38 of 1st period - Slapshot by Evgeny Grachev.
4:38 of 1st period - Goal by Evgeny Grachev - Rangers : 1 - Stars : 1.
4:39 of 1st period - Andrew Ladd wins face-off versus Tomas Hertl in neutral zone.
6:12 of 1st period - Jonas Brodin is hit by Cam Atkinson and loses puck.
6:36 of 1st period - Minor Penalty to Brett Ponich for Holding Stick.
6:37 of 1st period - Milan Lucic wins face-off versus John Tavares in Rangers zone.
7:24 of 1st period - Snap shot by Michael Grabner.
7:24 of 1st period - Shot Misses the Net.
7:34 of 1st period - Wrist shot by John Tavares.
7:34 of 1st period - Shot Misses the Net.
7:36 of 1st period - Snap shot by Michael Grabner.
7:36 of 1st period - Deflect By Patrik Nemeth.
7:36 of 1st period - Stopped by Frederik Andersen without a rebound.
7:37 of 1st period - Jussi Jokinen wins face-off versus Milan Lucic in Rangers zone.
7:48 of 1st period - Snap shot by Evgeny Grachev.
7:48 of 1st period - Goal by Evgeny Grachev - Rangers : 1 - Stars : 2.
7:49 of 1st period - Evgeny Kuznetsov wins face-off versus Steve Quailer in neutral zone.
7:57 of 1st period - Slapshot by Luke Schenn.
7:57 of 1st period - Shot Blocked by Andrew Ladd.
7:59 of 1st period - Wrist shot by Milan Lucic.
7:59 of 1st period - Shot Misses the Net.
8:21 of 1st period - Wrist shot by Devante Smith-Pelly.
8:21 of 1st period - Shot Misses the Net.
8:45 of 1st period - Snap shot by Chris Bourque.
8:45 of 1st period - Stopped by Braden Holtby without a rebound.
8:46 of 1st period - Evgeny Grachev wins face-off versus Sean Couturier in Stars zone.
9:11 of 1st period - John Tavares is hit by Ryan Strome and loses puck.
10:32 of 1st period - Ryan Strome is hit by Andrew Ladd.
10:35 of 1st period - Off-side.
10:36 of 1st period - Evgeny Kuznetsov wins face-off versus Patrice Bergeron in neutral zone.
10:40 of 1st period - Off-side.
10:41 of 1st period - Sean Couturier wins face-off versus Evgeny Grachev in neutral zone.
11:10 of 1st period - Wrist shot by Chris Bourque.
11:10 of 1st period - Stopped by Braden Holtby with a rebound.
11:35 of 1st period - Minor Penalty to Scott Kosmachuck for Hooking.
11:36 of 1st period - John Tavares wins face-off versus Sean Couturier in Stars zone.
11:46 of 1st period - Wrist shot by Steve Quailer.
11:46 of 1st period - Deflect By Milan Lucic.
11:46 of 1st period - Shot Misses the Net.
11:46 of 1st period - Puck is out of play.
11:47 of 1st period - Milan Lucic wins face-off versus John Tavares in Stars zone.
12:26 of 1st period - Icing by Dmitry Kulikov.
12:27 of 1st period - Patrice Bergeron wins face-off versus Michael Grabner in Rangers zone.
12:32 of 1st period - Wrist shot by Patrice Bergeron.
12:32 of 1st period - Shot Misses the Net.
12:34 of 1st period - Slapshot by Luke Schenn.
12:34 of 1st period - Shot Misses the Net.
13:35 of 1st period - Penalty to Scott Kosmachuck is over, Scott Kosmachuck is back on ice.
13:45 of 1st period - Slapshot by Dmitry Kulikov.
13:45 of 1st period - Shot Misses the Net.
13:47 of 1st period - Slapshot by Dmitry Kulikov.
13:47 of 1st period - Deflect By Patrice Bergeron.
13:47 of 1st period - Shot Misses the Net.
13:47 of 1st period - Puck is out of play.
13:48 of 1st period - Sean Couturier wins face-off versus Evgeny Kuznetsov in Stars zone.
14:21 of 1st period - Wrist shot by T.J Galiardi.
14:21 of 1st period - Deflect By Devante Smith-Pelly.
14:21 of 1st period - Stopped by Braden Holtby without a rebound.
14:22 of 1st period - Milan Lucic wins face-off versus John Tavares in Stars zone.
14:27 of 1st period - Snap shot by Steve Quailer.
14:27 of 1st period - Deflect By Milan Lucic.
14:27 of 1st period - Shot Blocked by Brian Lee.
14:27 of 1st period - Puck is out of play.
14:28 of 1st period - John Tavares wins face-off versus Sean Couturier in Stars zone.
16:21 of 1st period - Wrist shot by Sean Couturier.
16:21 of 1st period - Stopped by Braden Holtby with a rebound.
16:23 of 1st period - Slapshot by Sean Couturier.
16:23 of 1st period - Shot Blocked by Ian White.
16:33 of 1st period - Slapshot by Jussi Jokinen.
16:33 of 1st period - Shot Misses the Net.
16:35 of 1st period - Snap shot by John Tavares.
16:35 of 1st period - Shot Blocked by Milan Lucic.
16:53 of 1st period - Snap shot by John Tavares.
16:53 of 1st period - Goal by John Tavares - Rangers : 1 - Stars : 3.
16:54 of 1st period - Patrice Bergeron wins face-off versus Evgeny Grachev in neutral zone.
17:05 of 1st period - Wrist shot by Patrice Bergeron.
17:05 of 1st period - Shot Misses the Net.
17:07 of 1st period - Wrist shot by Chris Bourque.
17:07 of 1st period - Stopped by Braden Holtby without a rebound.
17:08 of 1st period - Evgeny Grachev wins face-off versus Patrice Bergeron in Stars zone.
18:32 of 1st period - Luke Schenn is hit by Tyson Barrie and loses puck.
18:52 of 1st period - Paul Ladue is hit by Richard Panik and loses puck.
Goals for this period are 1 for Rangers vs 3 for Stars.
Shots for this period are 11 for Rangers vs 5 for Stars.

2nd period


0:01 of 2nd period - Patrice Bergeron wins face-off versus Evgeny Grachev in neutral zone.
0:25 of 2nd period - Steve Quailer is hit by Ian White and loses puck.
0:32 of 2nd period - Snap shot by Jussi Jokinen.
0:32 of 2nd period - Shot Blocked by Dmitry Kulikov.
0:34 of 2nd period - Slapshot by Boris Valabik.
0:34 of 2nd period - Stopped by Frederik Andersen with a rebound.
1:22 of 2nd period - Magnus Paajarvi is hit by Evgeny Grachev and loses puck.
1:57 of 2nd period - Snap shot by Milan Lucic.
1:57 of 2nd period - Shot Blocked by Ian White.
1:59 of 2nd period - Slapshot by Milan Lucic.
1:59 of 2nd period - Stopped by Braden Holtby with a rebound.
2:08 of 2nd period - Minor Penalty to Jussi Jokinen for Hooking.
2:09 of 2nd period - John Tavares wins face-off versus Sean Couturier in Stars zone.
2:23 of 2nd period - Wrist shot by Milan Lucic.
2:23 of 2nd period - Shot Blocked by Ian White.
3:03 of 2nd period - Michael Grabner is hit by Ryan Strome and loses puck.
4:08 of 2nd period - Penalty to Jussi Jokinen is over, Jussi Jokinen is back on ice.
4:09 of 2nd period - Backhand shot by Luke Schenn.
4:09 of 2nd period - Shot Blocked by Paul Ladue.
4:11 of 2nd period - Wrist shot by Luke Schenn.
4:11 of 2nd period - Stopped by Braden Holtby with a rebound.
4:13 of 2nd period - Backhand shot by T.J Galiardi.
4:13 of 2nd period - Stopped by Braden Holtby without a rebound.
4:14 of 2nd period - Artem Anisimov wins face-off versus Evgeny Grachev in Stars zone.
4:44 of 2nd period - Tomas Hertl is hit by John Tavares and loses puck.
5:33 of 2nd period - Cory Emmerton is hit by Patrik Nemeth and loses puck.
5:44 of 2nd period - Wrist shot by Artem Anisimov.
5:44 of 2nd period - Stopped by Braden Holtby with a rebound.
6:02 of 2nd period - Wrist shot by Patrice Bergeron.
6:02 of 2nd period - Shot Blocked by Andrej Sustr.
6:04 of 2nd period - Wrist shot by Chris Bourque.
6:04 of 2nd period - Goal by Chris Bourque - Rangers : 2 - Stars : 3.
6:05 of 2nd period - Sean Couturier wins face-off versus Evgeny Grachev in neutral zone.
6:37 of 2nd period - Snap shot by John Tavares.
6:37 of 2nd period - Stopped by Frederik Andersen with a rebound.
6:39 of 2nd period - Snap shot by Alex Chiasson.
6:39 of 2nd period - Goal by Alex Chiasson - Rangers : 2 - Stars : 4.
6:39 of 2nd period - Harru Sateri enters game.
6:40 of 2nd period - Evgeny Grachev wins face-off versus Sean Couturier in neutral zone.
6:51 of 2nd period - Snap shot by Steve Quailer.
6:51 of 2nd period - Stopped by Braden Holtby without a rebound.
6:52 of 2nd period - Evgeny Grachev wins face-off versus Steve Quailer in Stars zone.
7:03 of 2nd period - Wrist shot by Steve Quailer.
7:03 of 2nd period - Stopped by Braden Holtby without a rebound.
7:04 of 2nd period - Evgeny Grachev wins face-off versus Steve Quailer in Stars zone.
7:11 of 2nd period - Wrist shot by Evgeny Grachev.
7:11 of 2nd period - Shot Blocked by Dmitry Kulikov.
7:29 of 2nd period - Brian Lee is hit by Ryan Strome and loses puck.
7:36 of 2nd period - Snap shot by Ryan Strome.
7:36 of 2nd period - Shot Misses the Net.
7:38 of 2nd period - Slapshot by Patrik Nemeth.
7:38 of 2nd period - Shot Blocked by John Tavares.
7:40 of 2nd period - Snap shot by Chris Bourque.
7:40 of 2nd period - Shot Misses the Net.
7:42 of 2nd period - Wrist shot by Chris Bourque.
7:42 of 2nd period - Shot Misses the Net.
7:52 of 2nd period - Matt Delahey is hit by Andrew Ladd and loses puck.
8:37 of 2nd period - Snap shot by Scott Kosmachuck.
8:37 of 2nd period - Stopped by Harru Sateri with a rebound.
9:09 of 2nd period - Wrist shot by John Tavares.
9:09 of 2nd period - Stopped by Harru Sateri with a rebound.
9:11 of 2nd period - Slapshot by Andrej Sustr.
9:11 of 2nd period - Stopped by Harru Sateri without a rebound.
9:12 of 2nd period - Tomas Hertl wins face-off versus John Tavares in Rangers zone.
9:59 of 2nd period - Minor Penalty to Boris Valabik for Hooking.
10:00 of 2nd period - John Tavares wins face-off versus Sean Couturier in Stars zone.
10:10 of 2nd period - Slapshot by Milan Lucic.
10:10 of 2nd period - Shot Misses the Net.
10:35 of 2nd period - Snap shot by Chris Bourque.
10:35 of 2nd period - Shot Misses the Net.
10:55 of 2nd period - Slapshot by Steve Quailer.
10:55 of 2nd period - Stopped by Braden Holtby without a rebound.
10:56 of 2nd period - Cory Emmerton wins face-off versus Sean Couturier in Stars zone.
10:56 of 2nd period - Cory Emmerton is hit by Luke Schenn.
11:14 of 2nd period - Wrist shot by Patrice Bergeron.
11:14 of 2nd period - Shot Misses the Net.
11:16 of 2nd period - Slapshot by Dmitry Kulikov.
11:16 of 2nd period - Goal by Dmitry Kulikov - Rangers : 3 - Stars : 4.
11:17 of 2nd period - Evgeny Grachev wins face-off versus Sean Couturier in neutral zone.
11:20 of 2nd period - Slapshot by Brian Lee.
11:20 of 2nd period - Deflect By Michael Grabner.
11:20 of 2nd period - Stopped by Harru Sateri with a rebound.
11:26 of 2nd period - Snap shot by Michael Grabner.
11:26 of 2nd period - Shot Misses the Net.
11:28 of 2nd period - Snap shot by Ian White.
11:28 of 2nd period - Stopped by Harru Sateri with a rebound.
11:30 of 2nd period - Snap shot by Evgeny Grachev.
11:30 of 2nd period - Shot Misses the Net.
11:32 of 2nd period - Snap shot by Evgeny Grachev.
11:32 of 2nd period - Stopped by Harru Sateri with a rebound.
11:42 of 2nd period - Steve Quailer is hit by Evgeny Kuznetsov and loses puck.
12:05 of 2nd period - Jussi Jokinen is hit by Dmitry Kulikov and loses puck.
12:52 of 2nd period - Snap shot by T.J Galiardi.
12:52 of 2nd period - Goal by T.J Galiardi - Rangers : 4 - Stars : 4.
12:53 of 2nd period - Evgeny Grachev wins face-off versus Sean Couturier in neutral zone.
13:10 of 2nd period - Snap shot by Sean Couturier.
13:10 of 2nd period - Shot Blocked by Brian Lee.
13:20 of 2nd period - Patrice Bergeron is hit by Alex Chiasson and loses puck.
14:09 of 2nd period - Snap shot by Cory Emmerton.
14:09 of 2nd period - Stopped by Harru Sateri with a rebound.
14:21 of 2nd period - Andrej Sustr is hit by Milan Lucic and loses puck.
14:26 of 2nd period - Wrist shot by Milan Lucic.
14:26 of 2nd period - Deflect By Sean Couturier.
14:26 of 2nd period - Stopped by Braden Holtby with a rebound.
14:28 of 2nd period - Wrist shot by Sean Couturier.
14:28 of 2nd period - Stopped by Braden Holtby with a rebound.
14:30 of 2nd period - Snap shot by Sean Couturier.
14:30 of 2nd period - Shot Blocked by Andrej Sustr.
14:43 of 2nd period - Icing by Jussi Jokinen.
14:44 of 2nd period - John Tavares wins face-off versus Patrice Bergeron in Stars zone.
15:31 of 2nd period - Boris Valabik is hit by Patrik Nemeth and loses puck.
15:42 of 2nd period - Snap shot by Andrej Sustr.
15:42 of 2nd period - Stopped by Harru Sateri with a rebound.
15:48 of 2nd period - Evgeny Grachev is hit by Sean Couturier and loses puck.
16:01 of 2nd period - Snap shot by Evgeny Grachev.
16:01 of 2nd period - Shot Misses the Net.
16:11 of 2nd period - Snap shot by Dmitry Kulikov.
16:11 of 2nd period - Deflect By Steve Quailer.
16:11 of 2nd period - Stopped by Braden Holtby without a rebound.
16:12 of 2nd period - Evgeny Kuznetsov wins face-off versus Patrice Bergeron in Stars zone.
16:12 of 2nd period - Evgeny Kuznetsov is hit by Ryan Strome.
16:58 of 2nd period - Slapshot by Magnus Paajarvi.
16:58 of 2nd period - Stopped by Braden Holtby without a rebound.
16:59 of 2nd period - Artem Anisimov wins face-off versus Cory Emmerton in Stars zone.
17:00 of 2nd period - Wrist shot by Richard Panik.
17:00 of 2nd period - Stopped by Braden Holtby without a rebound.
17:01 of 2nd period - Sean Couturier wins face-off versus Cory Emmerton in Stars zone.
17:07 of 2nd period - Off-side.
17:08 of 2nd period - Sean Couturier wins face-off versus Evgeny Grachev in neutral zone.
17:22 of 2nd period - Snap shot by Evgeny Grachev.
17:22 of 2nd period - Stopped by Harru Sateri without a rebound.
17:23 of 2nd period - Chris Bourque wins face-off versus Evgeny Grachev in Rangers zone.
18:15 of 2nd period - Wrist shot by Cam Atkinson.
18:15 of 2nd period - Stopped by Harru Sateri without a rebound.
18:16 of 2nd period - Guillaume Latendresse wins face-off versus Patrice Bergeron in Rangers zone.
18:42 of 2nd period - Minor Penalty to Andrej Sustr for Hooking.
18:43 of 2nd period - Sean Couturier wins face-off versus John Tavares in Stars zone.
18:50 of 2nd period - Wrist shot by Steve Quailer.
18:50 of 2nd period - Stopped by Braden Holtby with a rebound.
18:56 of 2nd period - Slapshot by Sean Couturier.
18:56 of 2nd period - Goal by Sean Couturier - Rangers : 5 - Stars : 4.
18:57 of 2nd period - Sean Couturier wins face-off versus Evgeny Grachev in neutral zone.
19:24 of 2nd period - Dmitry Kulikov is hit by Jussi Jokinen and loses puck.
19:51 of 2nd period - Slapshot by Cory Emmerton.
19:51 of 2nd period - Shot Blocked by Devante Smith-Pelly.
19:53 of 2nd period - Slapshot by Scott Kosmachuck.
19:53 of 2nd period - Goal by Scott Kosmachuck - Rangers : 5 - Stars : 5.
19:54 of 2nd period - Michael Grabner wins face-off versus Sean Couturier in neutral zone.
19:59 of 2nd period - Wrist shot by Guillaume Latendresse.
19:59 of 2nd period - Shot Blocked by Dmitry Kulikov.
Goals for this period are 4 for Rangers vs 2 for Stars.
Shots for this period are 17 for Rangers vs 14 for Stars.

3rd period


0:01 of 3rd period - Evgeny Grachev wins face-off versus Sean Couturier in neutral zone.
0:10 of 3rd period - Slapshot by Luke Schenn.
0:10 of 3rd period - Deflect By Evgeny Grachev.
0:10 of 3rd period - Stopped by Braden Holtby with a rebound.
0:26 of 3rd period - Andrew Ladd is hit by Chris Bourque and loses puck.
0:55 of 3rd period - Snap shot by T.J Galiardi.
0:55 of 3rd period - Stopped by Braden Holtby with a rebound.
1:26 of 3rd period - Off-side.
1:27 of 3rd period - Sean Couturier wins face-off versus Evgeny Grachev in neutral zone.
1:30 of 3rd period - Snap shot by Luke Schenn.
1:30 of 3rd period - Shot Blocked by Michael Grabner.
2:17 of 3rd period - Evgeny Kuznetsov is hit by Devante Smith-Pelly and loses puck.
2:26 of 3rd period - Devante Smith-Pelly is hit by Andrew Ladd and loses puck.
2:49 of 3rd period - Paul Ladue is hit by Artem Anisimov and loses puck.
3:06 of 3rd period - Snap shot by John Tavares.
3:06 of 3rd period - Stopped by Harru Sateri with a rebound.
3:08 of 3rd period - Minor Penalty to Magnus Paajarvi for Tripping.
3:09 of 3rd period - Milan Lucic wins face-off versus John Tavares in Rangers zone.
3:40 of 3rd period - Wrist shot by Jussi Jokinen.
3:40 of 3rd period - Shot Misses the Net.
3:42 of 3rd period - Slapshot by Jussi Jokinen.
3:42 of 3rd period - Deflect By Evgeny Grachev.
3:42 of 3rd period - Goal by Evgeny Grachev - Rangers : 5 - Stars : 6.
3:43 of 3rd period - Patrice Bergeron wins face-off versus Evgeny Grachev in neutral zone.
4:02 of 3rd period - Ryan Strome is hit by Guillaume Latendresse and loses puck.
4:34 of 3rd period - Off-side.
4:35 of 3rd period - Tomas Hertl wins face-off versus Evgeny Kuznetsov in neutral zone.
4:50 of 3rd period - Snap shot by Tomas Hertl.
4:50 of 3rd period - Shot Misses the Net.
5:04 of 3rd period - Slapshot by Evgeny Grachev.
5:04 of 3rd period - Shot Misses the Net.
5:18 of 3rd period - Minor Penalty to Dmitry Kulikov for High sticking.
5:19 of 3rd period - John Tavares wins face-off versus Milan Lucic in Rangers zone.
5:24 of 3rd period - Wrist shot by John Tavares.
5:24 of 3rd period - Shot Misses the Net.
5:26 of 3rd period - Slapshot by Brian Lee.
5:26 of 3rd period - Stopped by Harru Sateri with a rebound.
5:28 of 3rd period - Snap shot by Michael Grabner.
5:28 of 3rd period - Stopped by Harru Sateri without a rebound.
5:29 of 3rd period - Michael Grabner wins face-off versus Milan Lucic in Rangers zone.
5:34 of 3rd period - Slapshot by John Tavares.
5:34 of 3rd period - Deflect By Milan Lucic.
5:34 of 3rd period - Stopped by Harru Sateri with a rebound.
5:50 of 3rd period - Sean Couturier is hit by John Tavares and loses puck.
5:59 of 3rd period - Snap shot by Michael Grabner.
5:59 of 3rd period - Shot Misses the Net.
6:01 of 3rd period - Wrist shot by Brian Lee.
6:01 of 3rd period - Stopped by Harru Sateri without a rebound.
6:02 of 3rd period - Evgeny Grachev wins face-off versus Milan Lucic in Rangers zone.
6:35 of 3rd period - Luke Schenn is hit by John Tavares and loses puck.
7:18 of 3rd period - Penalty to Dmitry Kulikov is over, Dmitry Kulikov is back on ice.
7:25 of 3rd period - Minor Penalty to Michael Grabner for Interference.
7:26 of 3rd period - Sean Couturier wins face-off versus John Tavares in Stars zone.
7:28 of 3rd period - Snap shot by Luke Schenn.
7:28 of 3rd period - Stopped by Braden Holtby with a rebound.
7:30 of 3rd period - Snap shot by Luke Schenn.
7:30 of 3rd period - Stopped by Braden Holtby with a rebound.
7:32 of 3rd period - Slapshot by Dmitry Kulikov.
7:32 of 3rd period - Deflect By John Tavares.
7:32 of 3rd period - Goal by Dmitry Kulikov - Rangers : 6 - Stars : 6.
7:33 of 3rd period - Evgeny Grachev wins face-off versus Sean Couturier in neutral zone.
7:35 of 3rd period - Off-side.
7:36 of 3rd period - Evgeny Grachev wins face-off versus Sean Couturier in neutral zone.
8:11 of 3rd period - Snap shot by John Tavares.
8:11 of 3rd period - Stopped by Harru Sateri with a rebound.
8:56 of 3rd period - Minor Penalty to Magnus Paajarvi for Hooking.
8:57 of 3rd period - John Tavares wins face-off versus Sean Couturier in Rangers zone.
10:36 of 3rd period - Jussi Jokinen is hit by Tomas Hertl.
10:52 of 3rd period - Sean Couturier is hit by Alex Chiasson and loses puck.
10:56 of 3rd period - Penalty to Magnus Paajarvi is over, Magnus Paajarvi is back on ice.
11:05 of 3rd period - Snap shot by Cory Emmerton.
11:05 of 3rd period - Goal by Cory Emmerton - Rangers : 6 - Stars : 7.
11:06 of 3rd period - Patrice Bergeron wins face-off versus Evgeny Kuznetsov in neutral zone.
11:11 of 3rd period - Snap shot by Matt Delahey.
11:11 of 3rd period - Shot Misses the Net.
11:13 of 3rd period - Wrist shot by Chris Bourque.
11:13 of 3rd period - Shot Misses the Net.
11:15 of 3rd period - Slapshot by Matt Delahey.
11:15 of 3rd period - Shot Blocked by Andrej Sustr.
11:17 of 3rd period - Snap shot by Matt Delahey.
11:17 of 3rd period - Stopped by Braden Holtby with a rebound.
11:19 of 3rd period - Slapshot by Ryan Strome.
11:19 of 3rd period - Stopped by Braden Holtby without a rebound.
11:20 of 3rd period - Michael Grabner wins face-off versus Sean Couturier in Stars zone.
12:13 of 3rd period - Slapshot by Ian White.
12:13 of 3rd period - Stopped by Harru Sateri with a rebound.
12:40 of 3rd period - Slapshot by Artem Anisimov.
12:40 of 3rd period - Shot Blocked by Ian White.
12:42 of 3rd period - Slapshot by Brett Ponich.
12:42 of 3rd period - Deflect By Brian Lee.
12:42 of 3rd period - Stopped by Braden Holtby with a rebound.
13:00 of 3rd period - Wrist shot by Magnus Paajarvi.
13:00 of 3rd period - Stopped by Braden Holtby with a rebound.
13:22 of 3rd period - Snap shot by John Tavares.
13:22 of 3rd period - Shot Blocked by Jonas Brodin.
14:02 of 3rd period - Luke Schenn is hit by Evgeny Grachev and loses puck.
14:35 of 3rd period - Snap shot by Jeremy Morin.
14:35 of 3rd period - Shot Misses the Net.
14:37 of 3rd period - Snap shot by Scott Kosmachuck.
14:37 of 3rd period - Shot Misses the Net.
15:31 of 3rd period - Backhand shot by Jussi Jokinen.
15:31 of 3rd period - Shot Misses the Net.
16:00 of 3rd period - Icing by Scott Kosmachuck.
16:01 of 3rd period - Cory Emmerton wins face-off versus Sean Couturier in Stars zone.
16:06 of 3rd period - Slapshot by Ian White.
16:06 of 3rd period - Stopped by Harru Sateri without a rebound.
16:07 of 3rd period - Evgeny Kuznetsov wins face-off versus Tomas Hertl in Rangers zone.
16:11 of 3rd period - Minor Penalty to Devante Smith-Pelly for Elbowing.
16:12 of 3rd period - John Tavares wins face-off versus Milan Lucic in Rangers zone.
16:12 of 3rd period - Snap shot by Michael Grabner.
16:12 of 3rd period - Stopped by Harru Sateri without a rebound.
16:13 of 3rd period - John Tavares wins face-off versus Milan Lucic in Rangers zone.
16:46 of 3rd period - Snap shot by Alex Chiasson.
16:46 of 3rd period - Deflect By Jussi Jokinen.
16:46 of 3rd period - Stopped by Harru Sateri with a rebound.
16:48 of 3rd period - Slapshot by Brian Lee.
16:48 of 3rd period - Shot Blocked by Sean Couturier.
16:50 of 3rd period - Slapshot by Brian Lee.
16:50 of 3rd period - Shot Misses the Net.
17:38 of 3rd period - Michael Grabner is hit by Chris Bourque and loses puck.
17:39 of 3rd period - Michael Grabner from Stars is injured at 17:39 of 3rd period (Bruised Right Leg).
17:40 of 3rd period - Milan Lucic wins face-off versus John Tavares in Stars zone.
17:54 of 3rd period - Off-side.
17:55 of 3rd period - John Tavares wins face-off versus Milan Lucic in neutral zone.
18:11 of 3rd period - Penalty to Devante Smith-Pelly is over, Devante Smith-Pelly is back on ice.
18:16 of 3rd period - Snap shot by Devante Smith-Pelly.
18:16 of 3rd period - Shot Misses the Net.
18:34 of 3rd period - Snap shot by Devante Smith-Pelly.
18:34 of 3rd period - Stopped by Braden Holtby without a rebound.
18:35 of 3rd period - John Tavares wins face-off versus Patrice Bergeron in Stars zone.
18:48 of 3rd period - Rangers, Harru Sateri is pulled from the net.
18:50 of 3rd period - Wrist shot by Chris Bourque.
18:50 of 3rd period - Stopped by Braden Holtby with a rebound.
19:00 of 3rd period - Matt Delahey is hit by John Tavares and loses puck.
19:16 of 3rd period - Snap shot by Cam Atkinson.
19:16 of 3rd period - Shot Blocked by Steve Quailer.
19:18 of 3rd period - Slapshot by Boris Valabik.
19:18 of 3rd period - Shot Blocked by Milan Lucic.
19:20 of 3rd period - Snap shot by Cam Atkinson.
19:20 of 3rd period - Shot Misses the Net.
19:22 of 3rd period - Snap shot by John Tavares.
19:22 of 3rd period - Goal by John Tavares - Rangers : 6 - Stars : 8.
19:22 of 3rd period - Harru Sateri from Rangers was sent back in the game.
19:23 of 3rd period - Evgeny Grachev wins face-off versus Tomas Hertl in neutral zone.
Goals for this period are 1 for Rangers vs 3 for Stars.
Shots for this period are 11 for Rangers vs 13 for Stars.